Map: Prion Terraces

Players

Martingale

  • Race: Protoss Protoss
  • League: Silver

xKawaiian

  • Race: Protoss Protoss
  • League: Master

IIllIIIIIIIl (xKawaiian)

  • Race: Terran Terran

Schnitzel

  • Race: Terran Terran
  • League: Grandmaster

VOD

Have the link to the VOD?

Description

Time

  • Played on: Jan. 12, 2016, 11:11 p.m.
  • Length: 7:20
Show
View Real Time Build Order
Export as new Build Order

Martingale Protoss 

Build Orders: Oracle Opening 

Get SALT Encoding   

  12  0:01  Probe (Chrono Boost)  
  13  0:11  Probe (Chrono Boost)  
  14  0:17  Pylon  
  14  0:22  Probe (Chrono Boost)  
  16  0:35  Probe (Chrono Boost)  
  16  0:42  Gateway  
  16  0:46  Probe (Chrono Boost)  
  17  0:53  Assimilator  
  17  0:56  Probe (Chrono Boost), Assimilator  
  18  1:07  Probe (Chrono Boost)  
  19  1:18  Probe (Chrono Boost)  
  20  1:28  Probe (Chrono Boost)  
  20  1:29  Cybernetics Core  
  21  1:35  Pylon  
  21  1:39  Probe (Chrono Boost)  
  22  1:49  Probe (Chrono Boost)  
  23  2:00  Probe (Chrono Boost)  
  24  2:01  Warp Gate  
  24  2:11  Mothership Core (Chrono Boost)  
  26  2:18  Stargate  
  26  2:21  Pylon  
  26  2:24  Gateway  
  26  2:30  Adept  
  28  2:55  Gateway  
  28  3:05  Pylon  
  28  3:07  Pylon  
  28  3:10  Pylon  
  28  3:12  Pylon  
  28  3:18  Oracle  
  27  3:22  Adept x2  
  34  3:31  Pylon  
  34  3:33  Pylon  
  34  3:57  Oracle  
  37  4:03  Adept  
  37  4:04  Adept x2  
  37  4:09  Gateway  
  43  4:23  Adept  
  43  4:24  Adept x2  
  42  4:53  Oracle  
  42  4:56  Stalker x3  
  42  5:17  Stalker  
  44  5:36  Nexus  
  44  5:51  Probe  
  44  5:56  Stalker  
  47  5:57  Stalker x2  
  47  6:03  Probe  
  45  6:24  Probe  
  46  6:36  Probe  
  39  6:47  Probe  
  39  6:48  Robotics Facility  
  39  6:49  Probe  
  41  6:58  Probe  
  41  6:59  Probe  
  43  7:15  Pylon  
Show
View Real Time Build Order
Export as new Build Order

xKawaiian Protoss 

Build Orders:  

Get SALT Encoding   

  12  0:01  SCV  
  13  0:13  SCV  
  14  0:18  Supply Depot  
  14  0:25  SCV  
  15  0:40  SCV  
  15  0:41  Barracks  
  16  0:46  Refinery  
  16  0:52  SCV  
  17  1:04  SCV  
  18  1:16  SCV  
  19  1:29  Orbital Command  
  19  1:30  Barracks Reactor  
  19  1:51  Command Center  
  19  1:55  SCV  
  20  2:07  Factory, Marine x2  
  22  2:12  SCV  
  23  2:21  Supply Depot  
  23  2:32  Refinery  
  23  2:42  SCV, Marine x2  
  26  2:52  Factory Tech Lab  
  26  2:55  Barracks  
  26  2:58  SCV  
  27  3:01  Marine  
  27  3:02  Marine  
  27  3:03  Orbital Command  
  29  3:12  Cyclone  
  32  3:19  SCV  
  33  3:21  Marine x2  
  33  3:24  Supply Depot  
  35  3:29  SCV  
  35  3:32  SCV  
  37  3:41  SCV, Starport  
  38  3:43  Barracks Tech Lab  
  38  3:44  SCV  
  38  3:47  Marine  
  38  3:48  Marine  
  41  3:53  SCV  
  42  3:57  Cyclone  
  42  3:59  SCV  
  46  4:05  SCV, Marine  
  48  4:11  SCV, Marine  
  50  4:17  SCV  
  50  4:19  Liberator  
  50  4:22  Supply Depot  
  50  4:23  SCV  
  52  4:28  Refinery  
  52  4:30  Supply Depot  
  52  4:31  SCV  
  52  4:35  SCV  
  55  4:43  SCV  
  53  4:56  Marine  
  53  4:57  SCV, Marine x2  
  37  5:07  Cyclone  
  37  5:11  SCV  
  41  5:14  Marine x2  
  41  5:15  Marauder  
  41  5:17  Orbital Command  
  45  5:28  SCV  
  46  5:32  Marine x2  
  48  5:38  Supply Depot  
  48  5:40  SCV  
  48  5:42  SCV  
  50  5:44  Marine  
  51  5:50  Marine  
  51  5:52  SCV  
  51  5:54  SCV, Marine  
  55  6:01  Marine  
  56  6:09  Marine  
  56  6:10  Supply Depot  
  57  6:12  Cyclone  
  57  6:13  Marine  
  57  6:14  Orbital Command  
  57  6:17  SCV  
  59  6:29  SCV  
  60  6:40  SCV  
  60  6:41  SCV  
  60  6:43  Marauder, Marine  
  60  6:44  Medivac, Marine  
  68  6:51  Engineering Bay  
  68  6:53  SCV x2  
  70  6:58  Barracks  
  70  7:05  SCV x2  
  72  7:09  Supply Depot  
Show
View Real Time Build Order
Export as new Build Order

IIllIIIIIIIl Terran 

Build Orders:  

Get SALT Encoding   

Show
View Real Time Build Order
Export as new Build Order

Schnitzel Terran 

Build Orders:  

Get SALT Encoding   

Tags
 
Add a new tag
Caveats
  • Supply blocks, unpowered buildings, or Contaminate may cause inaccurate times.
  • Supply counts are checked every 10 seconds.